 Dungeon Crawl Stone Soup version 0.17.1-3-g152610e (webtiles) character file.

118610 GrosslyIncandescent the Martial Artist (level 16, -6/131 HPs)
             Began as a Mummy Monk on Mar 3, 2016.
             Mangled by an eight-headed hydra (12 damage)
             ... on level 15 of the Dungeon.
             The game lasted 02:11:48 (59714 turns).

GrosslyIncandescent the Martial Artist (MuMo)      Turns: 59714, Time: 02:11:48

Health: -6/131     AC: 11    Str: 14    XL:     16   Next: 25%
Magic:  16/16      EV: 25    Int: 10    God:
Gold:   2375       SH: 20    Dex: 21    Spells: 0 memorised, 15 levels left

rFire  . . .     SeeInvis .       - Unarmed
rCold  . . .     Clarity  .     (no armour)
rNeg   + + +     SustAt   .     z - +2 large shield
rPois  ∞         Gourm    .     L - +2 hat {MR+} {Safety hat}
rElec  .         Spirit   .     A - +2 cloak
rCorr  .         Warding  .     w - +2 pair of gloves
rMut   .         Stasis   .     B - +2 pair of boots
MR     +++..                    (no amulet)
Stlth  ++++......               t - +4 ring of evasion
                                s - ring of fire

@: extremely resistant to hostile enchantments, stealthy
A: no food or potions, fire vulnerability, cold resistance 1, negative energy
resistance 3, torment resistance, unbreathing, in touch with death 1, restore
body
a: Self-Restoration


You were on level 15 of the Dungeon.
You were not hungry.

You visited 4 branches of the dungeon, and saw 29 of its levels.
You also visited: Sewer and Ice Cave.

You collected 2892 gold pieces.
You spent 517 gold pieces at shops.


Innate Abilities, Weirdness & Mutations

You do not eat or drink.
Your flesh is vulnerable to fire.
You are immune to poison.
Your flesh is cold resistant.
You are immune to negative energy.
You are immune to unholy pain and torment.
You can survive without breathing.
You are in touch with the powers of death.
You can restore your body by infusing magical energy.


   Skills:
 + Level 13.4 Fighting
 - Level 12.0 Dodging
 - Level 6.2 Stealth
 - Level 12.0 Shields
 - Level 14.1 Unarmed Combat


You had 15 spell levels left.
You didn't know any spells.

Inventory:

Hand Weapons
 a - a +2 antimagic dire flail {Poor harold}
 f - a +3 dagger of chaos {Psyche's mania}
 F - the +7 spear "Vepugoha" {drain, rPois rN+ Str-4 Dex+2, unknown} A truly terrible weapon, it drains the life of those it strikes. It affects your strength (-4). It affects your dexterity (+2). It protects you from poison. It protects you from negative energy.
 H - a +0 battleaxe of freezing {Did not run from ice cave}
Armour
 h - a +2 helmet
 w - a +2 pair of gloves (worn)
 z - a +2 large shield (worn)
 A - a +2 cloak (worn)
 B - a +2 pair of boots (worn)
 L - a +2 hat of magic resistance (worn) {Safety hat}
Jewellery
 d - an uncursed amulet of warding
 i - an uncursed amulet of regeneration
 o - an uncursed ring of stealth
 s - a ring of fire (left hand)
 t - a +4 ring of evasion (right hand)
 v - an uncursed ring of protection from cold
 y - an uncursed amulet of stasis
 C - an uncursed amulet of faith {unknown}
 E - an uncursed ring of sustain attributes
Scrolls
 b - 3 scrolls of fog
 c - 9 scrolls of remove curse
 e - 2 scrolls of random uselessness
 g - 3 scrolls of noise {!r}
 j - 2 scrolls of amnesia
 k - 2 scrolls of teleportation {@r4}
 l - 4 scrolls of enchant weapon
 m - 2 scrolls of immolation {!r}
 n - 2 scrolls of vulnerability {!r}
 p - 2 scrolls of recharging
 r - a scroll of holy word {!r}
 x - 4 scrolls of magic mapping
 G - a scroll of brand weapon
 I - a scroll of fear
 J - 5 scrolls of identify {@r1}
 K - 3 scrolls of blinking
Miscellaneous
 u - a phantom mirror
Comestibles
 q - 21 royal jellies (quivered) {Bounty of the beekeeper}

Dungeon Overview and Level Annotations

Branches:
Dungeon (15/15)            Temple (0/1) D:5            Lair (8/8) D:8
  Swamp (0/4) Lair:5        Snake (2/4) Lair:4        Slime (0/6) Lair:8
    Orc (4/4) D:11            Elf (0/3) Orc:4
 Vaults: D:13-14     Depths: D:15

Altars:
Ashenzari
Cheibriados
Dithmenos
Elyvilon
Fedhas
Gozag
Nemelex Xobeh
Okawaru
Qazlal
Sif Muna
Trog
Jiyva

Shops:
D:11 %   D:12 %   D:13 %   D:14 *   Orc:4 (*:?

Portals:
Pandemonium: Orc:4

Annotations:
D:5 !Orc warrior
D:7 exclusion: downstairs
D:13 !AZRA-FUCKING-EL, exclusions: downstairs and 2 hell hounds, Azrael
D:14 exclusions: 5 boggarts, 4 centaurs, 2 deep elf fighters, door, orc knight, two-headed ogre, 2 vampire mosquitoes and 1 more exclusion
Lair:3 !Distro sonja asleep, exclusions: 3 electric eels, fungus, hippogriff and 32 more exclusions, Sonja
Lair:4 !Distro Maud awake, Maud
Lair:5 exclusion: downstairs
Lair:6 exclusion: oklob plant
Lair:8 exclusion: anaconda
Snake:1 exclusion: shock serpent
Orc:1 Warlord

▒.....▒...............
▒..▒▒▒.....)...▒▒▒▒▒..
▒..▒...▒.......▒ ....
▒..▒...+..._...+...+..
▒..▒...▒...........▒..
▒...▒▒▒▒....£..▒.▒ ▒..
▒.....▒......... ...
▒.....▒⌠.▒▒+▒▒.⌠
▒▒▒..@▒..▒ ▒ ▒▒..D..▒
▒.....▒ ▒▒▒...▒ ▒▒....
▒..... ▒▒▒▒▒▒▒


You could see an eight-headed hydra.


Message History

You pummel the eight-headed hydra!!
The eight-headed hydra is almost dead.
You block the eight-headed hydra's attack.
The eight-headed hydra bites you but does no damage.
The eight-headed hydra bites you!
* * * LOW HITPOINT WARNING * * *
The eight-headed hydra misses you.
The eight-headed hydra completely misses you.
You block the eight-headed hydra's attack. x2
The eight-headed hydra bites you!
* * * LOW HITPOINT WARNING * * *
Unknown command.
You barely miss the eight-headed hydra.
The eight-headed hydra is almost dead.
The eight-headed hydra bites you!
* * * LOW HITPOINT WARNING * * *
You block the eight-headed hydra's attack.
The eight-headed hydra bites you!
* * * LOW HITPOINT WARNING * * *
The eight-headed hydra barely misses you.
You block the eight-headed hydra's attack.
The eight-headed hydra completely misses you.
The eight-headed hydra barely misses you.
The eight-headed hydra bites you!
* * * LOW HITPOINT WARNING * * *
Unknown command.
You barely miss the eight-headed hydra.
The eight-headed hydra is almost dead.
The eight-headed hydra bites you!
You die...

Action                   |  1- 3 |  4- 6 |  7- 9 | 10-12 | 13-15 | 16-18 || total
-------------------------+-------+-------+-------+-------+-------+-------++-------
Melee: Unarmed           |   141 |   398 |   807 |  1620 |  4168 |   386 ||  7520
  Use: Scroll            |       |     1 |     7 |    13 |    17 |     1 ||    39
 Stab: Sleeping          |     9 |     5 |     9 |     8 |    22 |       ||    53
       Distracted        |       |     1 |       |       |    20 |     1 ||    22

Vault maps used:
D:1:      lightli_arrival_flooded_house
D:2:      nemelex_spade_bored_becter
D:3:      cheibriados_altar_1, elyvilon_altar_4, first_bread,
          hangedman_decor_slide_cut
D:5:      minmay_temple_entry_nine_rooms, gup_sewer_entry_glass,
          item_on_display_a
D:6:      fedhas_altar_4, nicolae_dithmenos_through_a_glass_darkly
D:7:      okawaru_trees_2, kennysheep_mini, lemuel_crystal_altar
D:8:      minmay_opposing_rooms, dpeg_oklobed_lair
D:9:      nicolae_qazlal_style_of_elements, hangedman_little_slice_of_home,
          hex_large
D:11:     david_orc_2, serial_shops, shop, grunt_decor_cap, uniq_harold,
          uniq_snorg, uniq_psyche
D:12:     serial_shops, shop, special_room, serial_ice, serial_ice_k,
          serial_ice_h, serial_ice_a, serial_ice_g, portal_ice_cave_entry_imps
D:13:     serial_shops, nicolae_shop_behind_doors, minmay_misc_feat_rows,
          corner_web_ring, roderic_batcave, uniq_azrael, uniq_urug
D:14:     grunt_vaults_entry_fortified, basic_altar, nrook_uturn,
          nicolae_gozag_zags_fifth_avenue
D:15:     grunt_enter_depths_hoard, evilmike_ruin_ashenzari
Lair:2:   columned_hall_lemuel, grunt_megastairs_3
Lair:3:   eino_house_with_fridge, serial_bayou_shore_a, uniq_sonja
Lair:4:   minmay_snake_entry_guardpost_small, uniq_maud
Lair:5:   swamp_mist, st_stairs_13, lemuel_fruit_fields
Lair:7:   infiniplex_staircase_pool
Lair:8:   due_jungle_book, slime_altar_1
Snake:1:  spider_trap
Snake:2:  hangedman_cross_stitches, serial_shops, nicolae_shop_waterfront,
          uniq_wiglaf, uniq_roxanne
Orc:1:    nooodl_orcs_dogs, uniq_erica, uniq_gastronok
Orc:2:    library_closet, trog_book
Orc:3:    nicolae_orc_pool_cavern, lightli_orcish_oven
Orc:4:    pf_orc_diabolical
Sewer:    sewer_frog_island_01
IceCv:    ice_cave_caverns_02

Notes
Turn   | Place    | Note
--------------------------------------------------------------
     0 | D:1      | GrosslyIncandescent the Mummy Monk began the quest for the Orb.
     0 | D:1      | Reached XP level 1. HP: 18/18 MP: 1/1
   178 | D:1      | Reached XP level 2. HP: 12/24 MP: 2/2
   748 | D:1      | Reached skill level 4 in Unarmed Combat
   838 | D:2      | Reached XP level 3. HP: 25/29 MP: 3/3
  1446 | D:2      | Reached XP level 4. HP: 27/35 MP: 4/4
  1540 | D:2      | Found a sparkling altar of Nemelex Xobeh.
  1782 | D:3      | Reached skill level 5 in Unarmed Combat
  1977 | D:3      | Found a snail-covered altar of Cheibriados.
  2253 | D:3      | Reached XP level 5. HP: 34/41 MP: 5/5
  2503 | D:3      | Found a white marble altar of Elyvilon.
  2602 | D:4      | Noticed a phantom
  2619 | D:4      | Reached skill level 4 in Fighting
  2773 | D:4      | Reached skill level 5 in Fighting
  2945 | D:4      | Reached XP level 6. HP: 44/51 MP: 6/6
  4009 | D:3      | Reached skill level 3 in Dodging
  5131 | D:4      | Reached skill level 4 in Dodging
  5305 | D:4      | Reached XP level 7. HP: 30/56 MP: 7/7
  5319 | D:4      | Killed a phantom
  5611 | D:5      | Entered Level 5 of the Dungeon
  6031 | D:5      | Found a glowing drain.
  6104 | Sewer    | Entered a sewer
  6838 | D:5      | Reached skill level 6 in Unarmed Combat
  7218 | D:5      | Found a staircase to the Ecumenical Temple.
  7506 | D:5      | Reached XP level 8. HP: 62/62 MP: 8/8
  8201 | D:6      | Reached skill level 7 in Unarmed Combat
  8399 | D:6      | Found a shadowy altar of Dithmenos.
  8452 | D:6      | Found a blossoming altar of Fedhas.
  8719 | D:6      | Reached skill level 6 in Fighting
  9156 | D:7      | Reached skill level 7 in Fighting
  9575 | D:7      | Found a bloodstained altar of Trog.
  9609 | D:7      | Found an iron altar of Okawaru.
  9652 | D:7      | Reached XP level 9. HP: 72/72 MP: 9/9
  9678 | D:7      | Reached skill level 8 in Unarmed Combat
  9860 | D:7      | Reached skill level 5 in Dodging
  9986 | D:7      | Found a deep blue altar of Sif Muna.
 10241 | D:8      | Found a staircase to the Lair.
 10392 | D:8      | Reached skill level 6 in Dodging
 11518 | D:8      | Reached skill level 8 in Fighting
 11959 | D:8      | Reached skill level 9 in Fighting
 12309 | D:8      | Reached XP level 10. HP: 48/83 MP: 10/10
 13092 | D:8      | Reached skill level 10 in Fighting
 13845 | D:9      | Found a stormy altar of Qazlal.
 13892 | D:9      | Reached skill level 9 in Unarmed Combat
 14474 | D:10     | Entered Level 10 of the Dungeon
 15103 | D:10     | Reached skill level 10 in Unarmed Combat
 15298 | D:10     | Reached skill level 7 in Dodging
 15779 | D:11     | Noticed a purple ugly thing
 15963 | D:11     | Noticed Snorg
 16107 | D:11     | Reached XP level 11. HP: 65/90 MP: 11/11
 16329 | Lair:1   | Entered Level 1 of the Lair of Beasts
 16441 | Lair:1   | Reached skill level 8 in Dodging
 17920 | Lair:1   | Reached skill level 9 in Dodging
 19587 | Lair:2   | Reached skill level 11 in Unarmed Combat
 20127 | Lair:3   | Noticed a necromancer
 20389 | Lair:3   | Reached skill level 11 in Fighting
 20561 | Lair:2   | Reached XP level 12. HP: 81/100 MP: 12/12
 20971 | Lair:3   | Noticed Sonja
 21835 | Lair:4   | Reached skill level 12 in Fighting
 22224 | Lair:4   | Found a staircase to the Snake Pit.
 22397 | Lair:4   | Noticed Maud
 22398 | Lair:4   | Note to self, stop using autoexplore
 22864 | Lair:3   | Reached skill level 10 in Dodging
 23788 | Lair:4   | Noticed a six-headed hydra
 24030 | Lair:4   | Reached skill level 11 in Dodging
 24862 | Lair:5   | Found a staircase to the Swamp.
 24873 | Lair:5   | but why
 25506 | Lair:5   | Reached skill level 12 in Unarmed Combat
 25730 | Lair:5   | Noticed a catoblepas
 25762 | Lair:5   | Killed a catoblepas
 25762 | Lair:5   | Reached skill level 2 in Stealth
 25762 | Lair:5   | Gained mutation: You are in touch with the powers of death. [Mummy growth]
 25762 | Lair:5   | Gained mutation: You can restore your body by infusing magical energy. [Mummy growth]
 25762 | Lair:5   | Reached XP level 13. HP: 65/108 MP: 13/13
 26385 | Lair:6   | Reached skill level 3 in Stealth
 26800 | Lair:5   | Reached skill level 4 in Stealth
 27324 | Lair:6   | Reached skill level 5 in Stealth
 28251 | Lair:6   | Reached skill level 6 in Stealth
 28448 | Lair:6   | Reached skill level 1 in Shields
 28739 | Lair:8   | Entered Level 8 of the Lair of Beasts
 28971 | Lair:8   | Reached skill level 2 in Shields
 29196 | Lair:7   | Reached skill level 3 in Shields
 30442 | Lair:7   | Reached skill level 4 in Shields
 30973 | Lair:8   | Found a viscous altar of Jiyva.
 30974 | Lair:8   | Found a staircase to the Slime Pits.
 31266 | Lair:8   | Reached skill level 5 in Shields
 32636 | Lair:6   | Reached skill level 6 in Shields
 33936 | Lair:7   | Reached skill level 7 in Shields
 35003 | Lair:7   | Reached XP level 14. HP: 115/115 MP: 14/14
 35551 | Lair:7   | Reached skill level 8 in Shields
 36563 | Lair:8   | Found a viscous altar of Jiyva.
 36564 | Lair:8   | Found a staircase to the Slime Pits.
 36749 | Lair:8   | Reached skill level 9 in Shields
 38296 | Lair:5   | Killed a six-headed hydra
 38494 | Snake:1  | Entered Level 1 of the Snake Pit
 38953 | Snake:1  | Reached skill level 10 in Shields
 39033 | Snake:1  | Got a warped robe
 39348 | Lair:3   | Killed a necromancer
 39811 | D:11     | Found a staircase to the Orcish Mines.
 39837 | D:10     | Killed an unseen horror
 40121 | D:11     | Killed Snorg
 40485 | D:11     | Noticed Harold
 40497 | D:11     | HP: 10/115 [Harold/wand of lightning (22)]
 41105 | D:11     | Found Lose's Food Shoppe.
 41464 | D:11     | Killed Harold
 41735 | D:11     | Noticed Psyche
 41756 | D:11     | Killed Psyche
 41788 | D:11     | Killed a purple ugly thing
 41896 | D:12     | Reached skill level 11 in Shields
 41952 | D:12     | Found Culapron's Food Shop.
 42247 | D:12     | Found a frozen archway.
 42555 | IceCv    | Entered an ice cave
 43069 | IceCv    | Got an ivory spear
 43591 | IceCv    | Reached skill level 12 in Shields
 43897 | IceCv    | Noticed a frost giant
 43931 | IceCv    | Reached XP level 15. HP: 120/120 MP: 15/15
 44108 | IceCv    | Might need to run from ice cave
 44358 | IceCv    | Killed a frost giant
 44360 | IceCv    | DID NOT RUN
 46558 | D:12     | Reached skill level 13 in Unarmed Combat
 46873 | Orc:1    | Entered Level 1 of the Orcish Mines
 47073 | Orc:1    | Noticed Gastronok
 47644 | Orc:1    | Noticed Erica
 47978 | D:13     | Noticed Urug
 47989 | D:13     | Killed Urug
 48183 | D:13     | Found Yvoekina's Food Boutique.
 48556 | D:14     | yeah
 48556 | D:14     | yeah no
 49598 | D:14     | Found a stormy altar of Qazlal.
 49664 | D:14     | Found Gozag's Platinum Reserve.
 49674 | D:14     | Found an opulent altar of Gozag.
 49749 | D:14     | Reached skill level 14 in Unarmed Combat
 50647 | D:15     | Entered Level 15 of the Dungeon
 50783 | D:15     | Identified a scroll of acquirement
 50887 | Orc:1    | Killed Erica
 50983 | Orc:1    | Killed Gastronok
 51294 | Orc:2    | Noticed kaze's ghost (journeyman HOFi)
 52216 | Orc:2    | Killed kaze's ghost
 52467 | Orc:2    | Found a bloodstained altar of Trog.
 54430 | Orc:2    | Reached skill level 13 in Fighting
 54591 | Orc:4    | Entered Level 4 of the Orcish Mines
 54785 | Orc:4    | Found a staircase to the Elven Halls.
 54954 | Orc:4    | Found Dyeror's General Store.
 55843 | Orc:4    | Found Uvikk's Magic Scroll Emporium.
 56056 | Orc:4    | Bought a scroll of enchant armour for 120 gold pieces
 56056 | Orc:4    | Bought a scroll of blinking for 120 gold pieces
 56056 | Orc:4    | Bought a scroll of identify for 32 gold pieces
 56056 | Orc:4    | Bought a scroll of identify for 32 gold pieces
 56056 | Orc:4    | Bought 2 scrolls of identify for 64 gold pieces
 56058 | Orc:4    | Identified the +1 robe "Nyoraegg" {rF++ Stlth-} (You found it on level 1 of the Snake Pit)
 56062 | Orc:4    | Bought a scroll of enchant armour for 97 gold pieces
 56062 | Orc:4    | Bought a scroll of identify for 26 gold pieces
 56062 | Orc:4    | Bought a scroll of identify for 26 gold pieces
 56302 | Orc:4    | Reached XP level 16. HP: 126/130 MP: 16/16
 57914 | Orc:4    | Reached skill level 12 in Dodging
 58511 | Orc:4    | Found Puhusass's Book Boutique.
 58511 | Orc:4    | Found Peosur's Antique Weapon Shop.
 58511 | Orc:4    | Found a one-way gate leading to the halls of Pandemonium.
 59185 | D:13     | Noticed Azrael
 59674 | D:15     | Found a shattered altar of Ashenzari.
 59712 | D:15     | HP: 6/131 [eight-headed hydra (17)]
 59714 | D:15     | Mangled by an eight-headed hydra

Vanquished Creatures
  Gastronok (Orc:1)
  A frost giant (IceCv)
  An orc warlord (Orc:1)
  Snorg (D:11)
  A vault guard (D:14)
  The ghost of kaze the Protected, a journeyman HOFi (Orc:2)
  7 hydras
  Harold (D:11)
  2 centaur warriors (D:14)
  A catoblepas (Lair:5)
  Erica (Orc:1)
  12 death yaks
  7 orc high priests (Orc:4)
  Urug (D:13)
  2 unseen horrors
  5 skeletal warriors
  2 infernal demonspawn
  4 orc knights
  A gelid demonspawn (Orc:4)
  4 hill giants
  A torturous demonspawn (Orc:4)
  A necromancer (Lair:3)
  A harpy (shapeshifter) (D:13)
  4 orc sorcerers (Orc:4)
  A salamander (Snake:1)
  2 griffons
  6 ugly things
  24 elephants
  A manticore (D:15)
  3 naga magi
  10 black mambas
  4 cyclopes
  3 centaur zombies
  An ice statue (IceCv)
  19 spiny frogs
  A sixfirhy (Orc:4)
  Psyche (D:11)
  A gargoyle (D:13)
  6 komodo dragons
  3 trolls
  2 blue devils (Orc:4)
  6 fire drakes
  A two-headed ogre (D:14)
  15 polar bears (IceCv)
  A queen bee (D:12)
  13 blink frogs
  A boulder beetle (Lair:8)
  3 wraiths
  A ynoxinul (Orc:4)
  A deep elf mage (D:10)
  2 basilisks
  4 wyverns
  12 hippogriffs
  64 yaks
  A deep elf fighter (D:14)
  A hungry ghost (D:7)
  26 water moccasins
  2 vampire mosquitoes (D:13)
  6 wargs
  9 nagas
  A mottled dragon (D:12)
  A soldier ant (D:12)
  29 wolves
  3 ice beasts
  45 orc warriors
  2 phantoms
  4 black bears
  2 hell hounds (D:13)
  18 ogres
  5 sky beasts
  14 porcupines
  4 wasps
  4 boggarts (D:14)
  20 crocodiles
  21 centaurs
  26 giant frogs
  7 big kobolds
  7 scorpions
  48 killer bees
  21 wights
  2 vampire bats (D:13)
  4 electric eels
  5 crimson imps
  A wyvern simulacrum (D:12)
  5 hounds
  56 orc wizards
  2 quasits (D:10)
  3 giant frog zombies
  10 jellies
  4 centaur skeletons
  43 orc priests
  4 giant frog skeletons
  11 iguanas
  13 worker ants
  2 yak simulacra (Lair:3)
  2 polar bear simulacra (Lair:3)
  7 sheep
  4 wolf simulacra (Lair:3)
  A giant frog simulacrum (D:12)
  A centaur simulacrum (D:12)
  3 hound zombies
  20 adders
  4 gnolls (Orc:3)
  2 worker ant zombies
  97 river rats
  3 shadow imps
  14 white imps
  2 ufetubi (D:12)
  6 oozes
  An adder zombie (D:8)
  6 worms
  6 adder skeletons
  200 orcs
  17 giant cockroaches
  6 goblins
  10 hobgoblins
  48 kobolds
  4 quokkas
  5 ball pythons
  12 bats
  8 giant geckos
  2 giant gecko skeletons (D:4)
  10 giant newts
  13 jackals
  A quokka zombie (D:10)
  11 rats
  3 river rat simulacra (Lair:3)
  A fungus (D:8)
  3 plants (Lair:8)
1300 creatures vanquished.

Vanquished Creatures (others)
  2 yaks (IceCv)
  3 wolves (IceCv)
  A boggart (D:14)
  An orc (D:12)
  A quokka (D:3)
  65 fungi
  34 plants
107 creatures vanquished.

Grand Total: 1407 creatures vanquished
